 Dungeon Crawl Stone Soup version 0.26-a0-522-g642869f (webtiles) character file.

Game seed: 2849282048531491463

186 Hienro the Ducker (level 5, 0/28 HPs)
             Began as a Spriggan Chaos Knight on Aug 12, 2020.
             Was a Plaything of Xom.
             Slain by Jessica the swamp worm (glowing shapeshifter) (8 damage)
             ... on level 3 of the Dungeon.
             The game lasted 00:04:17 (3211 turns).

Hienro the Ducker (Spriggan Chaos Knight)           Turns: 3211, Time: 00:04:18

Health: 0/28       AC:  4    Str: 10    XL:     5   Next: 38%
Magic:  15/15      EV: 19    Int: 13    God:    Xom [*.....]
Gold:   107        SH:  0    Dex: 17    Spells: 4/4 levels left

rFire    . . .     SeeInvis +   a - +0 short sword (chaos)
rCold    . . .     Faith    .   (shield restricted)
rNeg     . . .     Spirit   .   b - +2 robe
rPois    .         Reflect  .   (helmet restricted)
rElec    .         Harm     .   (no cloak)
rCorr    .                      (gloves unavailable)
MR       .....                  (boots unavailable)
Stlth    ++........             (no amulet)
HPRegen  0.09/turn              c - ring of magical power
MPRegen  0.14/turn              l - ring of flight

@: drained, very quick
A: very small, unfitting armour, antennae 1, see invisible, speed 3, strong 1
a: Renounce Religion, Evoke Flight


You were on level 3 of the Dungeon.
You worshipped Xom.
You were a special plaything of Xom.
You visited 1 branch of the dungeon, and saw 3 of its levels.

You collected 107 gold pieces.

Inventory:

Hand Weapons
 a - a +0 short sword of chaos (weapon)
Armour
 b - a +2 robe (worn)
 h - +0 storm dragon scales
Jewellery
 c - a ring of magical power (left hand)
 l - a ring of flight (right hand)
Scrolls
 e - 2 scrolls of remove curse
 f - a scroll of teleportation {unknown}
Potions
 d - 2 potions of stabbing
 g - a potion of heal wounds
 i - a potion of invisibility {unknown}
 j - a potion of brilliance {unknown}
 k - a potion of curing


   Skills:
 + Level 3.0(1.9) Fighting
 * Level 4.5(3.3) Short Blades
 + Level 0.1(0.0) Armour
 * Level 5.2(4.0) Dodging
 * Level 4.3(3.1) Stealth


You had 4 spell levels left.
You didn't know any spells.
Your spell library was empty.

Dungeon Overview and Level Annotations

Branches:
Dungeon (3/15)

Altars:
Uskayaw
Xom

Annotations:
D:3 Jessica


Innate Abilities, Weirdness & Mutations

You are very small and have problems with some larger weapons.
You are too small for most types of armour.
You have supernaturally acute eyesight. (SInv)
You cover ground extremely quickly.
You have a pair of small antennae on your head.
Your muscles are strong. (Str +2)


Message History

Jessica barely misses you.
You hit Jessica. You drain Jessica.
Jessica is severely wounded.
Jessica bites you. Jessica bites you!!
Ouch! That really hurt!
* * * LOW HITPOINT WARNING * * *
You are too injured to fight recklessly!
You are too injured to fight recklessly!
You are too injured to fight recklessly!
You are too injured to fight recklessly!
You are too injured to fight recklessly!
You are too injured to fight recklessly!
You are too injured to fight recklessly!
You are too injured to fight recklessly!
You hit Jessica.
Jessica is severely wounded. "You have grown too confident for your meagre worth."
You feel drained. Jessica bites you!
You die...
Xom snickers!

#.....###.....##
#.....##.......#
#.....##.....#.#
#.....#........#
#.......#####..##
#####......##..?##..#
...........#....?#..#
########...#.....'..#
#...#...)@#..#
#...##..w##..#
#....#####..##
##.........##
##.......## ##.....##
#######


You could see Jessica the swamp worm shaped shifter (petrifying, drained).

Vanquished Creatures
  An iguana (D:3)
  6 adders
  A white imp (D:3)
  An ooze (D:2)
  2 worms (D:3)
  A dart slug (D:2)
  2 leopard geckos
  An orc (D:3)
  2 ball pythons (D:3)
  6 giant cockroaches
  12 goblins
  7 hobgoblins
  2 jackals (D:2)
  2 quokkas
  5 bats
  4 frilled lizards
  7 kobolds
  3 rats
65 creatures vanquished.

Vanquished Creatures (collateral kills)
  3 gnolls (D:2)
  A bat (D:2)
  2 goblins (D:2)
  A hobgoblin (D:2)
7 creatures vanquished.

Grand Total: 72 creatures vanquished

Notes
Turn   | Place    | Note
-------+----------+-------------------------------------------
     0 | D:1      | Hienro the Spriggan Chaos Knight began the quest for the
                  | Orb.
     0 | D:1      | Reached XP level 1. HP: 11/11 MP: 2/2
   212 | D:1      | Reached skill level 1 in Stealth
   252 | D:1      | XOM: divination: detect creatures
   307 | D:1      | Reached XP level 2. HP: 16/16 MP: 3/3
   581 | D:1      | XOM: give mutations
   581 | D:1      | Gained mutation: You have a pair of small antennae on your
                  | head. [Xom's grace]
   581 | D:1      | Gained mutation: Your muscles are strong. (Str +2) [Xom's
                  | grace]
   612 | D:1      | Reached skill level 4 in Dodging
  1038 | D:2      | Reached XP level 3. HP: 15/19 MP: 4/4
  1472 | D:2      | Reached XP level 4. HP: 17/23 MP: 5/5
  1484 | D:2      | XOM: cast spell 'Summon Dragon'
  1725 | D:2      | XOM: divination: detect items
  1990 | D:3      | XOM: divination: detect items
  2142 | D:3      | XOM: cast spell 'Necromutation'
  2168 | D:3      | Reached skill level 5 in Dodging
  2415 | D:3      | Reached XP level 5. HP: 28/28 MP: 6/6
  2531 | D:3      | Found a hide-covered altar of Uskayaw.
  2547 | D:3      | XOM: polymorph adder -> iguana
  2555 | D:3      | XOM: summons friendly shadow imp
  2754 | D:3      | XOM: scenery: create altars
  3196 | D:3      | Noticed Jessica
  3206 | D:3      | Noticed Jessica
  3206 | D:3      | Jessica changed into Jessica the glowing shapeshifter
  3206 | D:3      | Noticed Jessica
  3206 | D:3      | Jessica the glowing shapeshifter changed into Jessica the
                  | swamp worm
  3211 | D:3      | XOM: draining
  3211 | D:3      | Slain by Jessica the swamp worm (glowing shapeshifter)

Illustrated notes

Levels and vault maps discovered:
D:1:      minmay_arrival_diagonal_passages, layout_loops_ring
D:2:      layout_basic
D:3:      gammafunk_steamed_eel, layout_basic, eat_drink_and_be_merry_uskayaw,
          kennysheep_jessica_study, uniq_jessica

Skill      XL: |  1  2  3  4  5 |
---------------+----------------+-----
Stealth        | 1 2 3 4 |  4.3
Dodging        | 4 5 |  5.2
Short Blades   | 4 |  4.5
Fighting       | 3 |  3.0
Armour         | |  0.1

Action                   |  1- 3 |  4- 6 || total
-------------------------+-------+-------++-------
Melee: Short sword       |   126 |   147 ||   273
  Use: Scroll            |     4 |     1 ||     5
       Potion            |     2 |     4 ||     6
 Stab: Sleeping          |     3 |     3 ||     6
       Paralysed         |     2 |       ||     2
       Distracted        |     1 |       ||     1
       Confused          |     1 |       ||     1
       Petrifying        |       |     1 ||     1
Armor: Robe              |    20 |     5 ||    25
       Storm dragon scal |       |    54 ||    54
Dodge: Dodged            |    86 |   107 ||   193

Table legend: (Time is in decaauts)
 A = Elapsed time spent in this place.
 B = Non-inter-level travel time spent in this place.
 C = Inter-level travel time spent in this place.
 D = Time resting spent in this place.
 E = Time spent auto-exploring this place.
 F = Levels seen in this place.
 G = Mean time per level.
                   A        B        C        D        E       F      G
               +--------+--------+--------+--------+--------+-----+--------+
         Total |   2590 |   2547 |     43 |     83 |   1983 |   3 |  863.3 |
       Dungeon |   2590 |   2547 |     43 |     83 |   1983 |   3 |  863.3 |
               +--------+--------+--------+--------+--------+-----+--------+

Top non-repeatable levels by time:
     D:2: 1159 daAuts
     D:1: 764 daAuts
     D:3: 667 daAuts
